 Dungeon Crawl Stone Soup version 0.21-a0-185-g3a6ed1e (webtiles) character file.

75 Jeffwins the Insei (level 4, -2/36 HPs)
             Began as a Draconian Transmuter on Aug 12, 2017.
             Slain by a gnoll
             ... wielding a +2 whip of flaming
              (6 damage)
             ... on level 2 of the Dungeon.
             The game lasted 00:03:47 (2562 turns).

Jeffwins the Insei (Draconian Transmuter)           Turns: 2562, Time: 00:03:48

Health: -2/36      AC:  5    Str: 12    XL:     4   Next: 11%
Magic:  7/7        EV: 12    Int: 13    God:
Gold:   113        SH:  0    Dex: 13    Spells: 6/7 levels left

rFire    . . .     SeeInvis .     - Unarmed
rCold    . . .     Gourm    .   (no shield)
rNeg     . . .     Faith    .   (armour unavailable)
rPois    .         Spirit   .   (helmet restricted)
rElec    .         Reflect  .   (no cloak)
rCorr    .         Harm     .   (no gloves)
MR       .....     Rnd*Tele +   (no boots)
Stlth    +.........             (no amulet)
HPRegen  0.12/turn              g - ring of teleportation (curse)
MPRegen  0.10/turn              (no ring)

@: appendage (expiring)
A: unfitting armour, horns 2, cold-blooded, AC +5
a: End Transformation


You were on level 2 of the Dungeon.
You were very hungry.
You had grown temporary horns.
You visited 1 branch of the dungeon, and saw 3 of its levels.

You collected 113 gold pieces.

Inventory:

Missiles
 a - 12 arrows
Jewellery
 g - a cursed ring of teleportation (left hand)
Wands
 j - a wand of confusion (41/48)
Scrolls
 e - a scroll of teleportation
 l - a scroll of enchant weapon
Potions
 d - a potion of resistance {unknown}
 h - a potion of flight {unknown}
 i - a potion of curing {unknown}
 k - a potion of haste {unknown}
 m - a potion of lignification
Books
 b - a book of Changes

   Spells                             Type                      Level
   a - Beastly Appendage              Transmutation                1
   b - Sticks to Snakes               Transmutation                2
   c - Spider Form                    Transmutation/Poison         3
   d - Ice Form                       Ice/Transmutation            4
   e - Blade Hands                    Transmutation                5
Comestibles
 c - 3 bread rations
 f - a meat ration
 n - 3 fruits


   Skills:
 + Level 1.8 Fighting
 + Level 2.2 Dodging
 * Level 3.5 Unarmed Combat
 + Level 2.1 Spellcasting
 * Level 3.1 Transmutations


You had 6 spell levels left.
You knew the following spells:

 Your Spells              Type           Power        Failure   Level  Hunger
a - Beastly Appendage     Tmut           #.....       7%          1    ##.....


Dungeon Overview and Level Annotations

Branches:
Dungeon (3/15)

Altars:
Gozag


Innate Abilities, Weirdness & Mutations

Your plain brown scales are hard. (AC +5)
You cannot fit into any form of body armour.
You are cold-blooded and may be slowed by cold attacks.
You have a pair of horns on your head.


Message History

The gnoll hits you.
You hit the gnoll but do no damage.
The gnoll is lightly wounded.
Your transformation is almost over.
The gnoll barely misses you. x2
You closely miss the gnoll.
The gnoll is lightly wounded.
The gnoll hits you with a whip of flaming.
* * * LOW HITPOINT WARNING * * *
The gnoll burns you.
* * * LOW HITPOINT WARNING * * *
The gnoll misses you.
You hit the gnoll. You tail-slap the gnoll.
The gnoll is heavily wounded.
The gnoll misses you. The gnoll hits you.
* * * LOW HITPOINT WARNING * * *
You hit the gnoll but do no damage. Your headbutt misses the gnoll.
The gnoll is heavily wounded.
The gnoll hits you with a whip of flaming.
You die...

####.......# #^# #..# ##....#.##
#.# #..# ##.#....###.# ##.)######
#.#..>...g.########..<......
#.##...###............######
######.#.###.##.#########..######
.........# #..g.# #........
#####.##.###.############..######
#.###...###g@g.........#
#.............##########
###############


You could see 2 gnolls.

Vanquished Creatures
  2 adders (D:2)
  3 worms (D:2)
  A dart slug (D:1)
  2 giant cockroaches (D:2)
  6 goblins
  5 hobgoblins (D:1)
  4 jackals (D:2)
  7 kobolds
  2 ball pythons
  6 bats
  4 frilled lizards
  5 rats
47 creatures vanquished.

Notes
Turn   | Place    | Note
-------+----------+-------------------------------------------
     0 | D:1      | Jeffwins the Draconian Transmuter began the quest for the Orb.
     0 | D:1      | Reached XP level 1. HP: 16/16 MP: 3/3
   175 | D:1      | Reached XP level 2. HP: 19/23 MP: 5/5
   912 | D:2      | Reached XP level 3. HP: 28/28 MP: 6/6
  1449 | D:2      | Reached XP level 4. HP: 33/36 MP: 7/7
  2024 | D:3      | Found an opulent altar of Gozag.
  2266 | D:2      | HP: 1/36 [gnoll/whip of flaming (2)]
  2562 | D:2      | Slain by a gnoll

Vault maps used:
D:1:      tarquinn_simple_flora_water_a, moated_statue, minmay_misc_feat_plants,
          hex_tiny
D:2:      nicolae_overflow_hidden_temple, first_bread, hangedman_decor_points,
          kennysheep_generic_room_2
D:3:      lemuel_crystal_altar, nicolae_gozag_seed_capital

Skill      XL: |  1  2  3 |
---------------+----------+-----
Dodging        | 2 |  2.2
Transmutations | 3 |  3.1
Fighting       | |  1.8
Unarmed Combat | |  3.5
Spellcasting   | |  2.1

Action                   |  1- 3 |  4- 6 || total
-------------------------+-------+-------++-------
Melee: Unarmed           |   100 |    37 ||   137
       Tailslap          |    11 |     2 ||    13
       Headbutt          |     2 |     2 ||     4
       Kick              |     2 |       ||     2
 Cast: Beastly Appendage |     3 |     2 ||     5
  Use: Scroll            |     6 |     2 ||     8
 Stab: Sleeping          |     4 |       ||     4
  Eat: Chunk             |     1 |     3 ||     4
Armor: Skin              |    38 |     9 ||    47
Dodge: Dodged            |    56 |    38 ||    94
